 Dungeon Crawl Stone Soup version 0.19-a0-1608-g4cf22de (webtiles) character file.

773 jacquesderrida the Slasher (level 7, -2/34 HPs)
             Began as a Vine Stalker Skald on Sept 17, 2016.
             Was an Initiate of Ru.
             Slain by a hippogriff (4 damage)
             ... on level 7 of the Dungeon.
             The game lasted 00:11:19 (1501 turns).

jacquesderrida the Slasher (Vine Stalker Skald)     Turns: 1501, Time: 00:11:20

Health: -2/34      AC:  6    Str: 16    XL:     7   Next: 83%
Magic:  0/11       EV:  9    Int: 11    God:    Ru [......]
Gold:   198        SH:  0    Dex: 15    Spells: 2 memorised, 6 levels left

rFire  . . .     SeeInvis .     l - +0 long sword
rCold  . . .     Gourm    .     w - +0 scale mail (curse)
rNeg   . . .     Faith    .     (no shield)
rPois  .         Spirit   +     (no helmet)
rElec  .         Dismiss  .     (no cloak)
rCorr  .         Reflect  .     (no gloves)
MR     .....     Harm     .     (no boots)
Stlth  +.........               i - amulet of magic regeneration
                                q - +2 ring of strength
                                o - ring of stealth

@: heavily drained
A: fangs 2, dopey 1, regeneration 1, magic shield, antimagic bite, no device
heal 3, rot immunity
a: Renounce Religion


You were on level 7 of the Dungeon.
You worshipped Ru.
Ru was noncommittal.
You were hungry.

You visited 1 branch of the dungeon, and saw 7 of its levels.

You collected 198 gold pieces.

Inventory:

Hand Weapons
 a - a +0 falchion
 l - a +0 long sword (weapon)
Armour
 b - a +0 leather armour
 w - a cursed +0 scale mail (worn)
 z - a +2 ring mail of fire resistance
Jewellery
 i - an amulet of magic regeneration (around neck)
 j - an uncursed amulet of harm
 o - a ring of stealth (left hand)
 q - a +2 ring of strength (right hand)
Wands
 s - a wand of digging (5/24)
 t - a wand of polymorph (6/24)
 x - a wand of lightning (0/15)
Scrolls
 f - a scroll of enchant armour
 y - a scroll of blinking
Potions
 e - a potion of ambrosia {unknown}
 h - 2 potions of cancellation
 u - a potion of curing
Books
 c - a book of Battle

   Spells                             Type                      Level
   a - Infusion                       Charms                       1
   b - Shroud of Golubria             Charms/Translocation         2
   c - Song of Slaying                Charms                       2
   d - Spectral Weapon                Hexes/Charms                 3
   e - Regeneration                   Charms/Necromancy            3
Comestibles
 d - 4 bread rations
 g - a chunk of flesh
 k - 2 meat rations
 m - a beef jerky
 n - a royal jelly


   Skills:
 - Level 1.7(0.1) Fighting
 + Level 7.9(6.0) Long Blades
 - Level 0.7(0.0) Armour
 - Level 0.7(0.0) Dodging
 - Level 2.1(0.5) Spellcasting
 - Level 3.0(1.3) Charms


You had 6 spell levels left.
You knew the following spells:

 Your Spells              Type           Power        Failure   Level  Hunger
a - Infusion              Chrm           #...         75%         1    ##.....
b - Spectral Weapon       Hex/Chrm       #.......     100%        3    ####...


Dungeon Overview and Level Annotations

Branches:
Dungeon (7/15)
 Temple: D:4-7

Altars:
Cheibriados
Kikubaaqudgha
Makhleb
Ru
Trog
Zin
The Shining One

Shops:
D:6 =

Annotations:
D:1 Ijyb


Innate Abilities, Weirdness & Mutations

You have extremely sharp teeth.
You are dopey. (Int -2)
Your natural rate of healing is unusually fast.
When hurt, damage is shared between your health and your magic reserves.
Your bite disrupts and absorbs the magic of your enemies.
Potions and wands cannot restore your health.
You are immune to rotting.


Message History

The hippogriff resists with some effort.
Evoking this partially-identified wand wasted a few charges.
The hippogriff bites you.
* * * LOW HITPOINT WARNING * * *
The hippogriff pecks you.
* * * LOW HITPOINT WARNING * * *
The hippogriff claws you.
* * * LOW HITPOINT WARNING * * *
Unknown command.
You hit the hippogriff. You bite the hippogriff. You drain its power.
You feel invigorated.
The hippogriff is moderately wounded.
The hippogriff bites you but does no damage.
The hippogriff completely misses you. The hippogriff barely misses you.
Unknown command.
You slash the hippogriff! You bite the hippogriff. You drain its power.
You feel invigorated.
The hippogriff is heavily wounded.
The hippogriff bites you!
You die...

.[.............#
...............#
.............(.#
...........<....
...............#
.............#.#
#........#
##H#####.. #@##
##. #..###..
##..##.# ##.<#.#
##.#.# ####...##
#.......#
#.......#
#.......#


You could see a hippogriff.

Vanquished Creatures
  A sky beast (D:7)
  A phantom (D:6)
  A centaur (D:6)
  A bullfrog (D:5)
  A scorpion (D:3)
  A crimson imp (D:5)
  A jelly (D:7)
  2 orc priests (D:6)
  2 hounds
  2 orc wizards (D:6)
  Jessica (D:3)
  A worker ant (D:5)
  A worker ant zombie (D:6)
  4 gnolls (D:6)
  2 adders
  A shadow imp (D:5)
  2 oozes
  An adder skeleton (D:4)
  2 leopard geckos
  3 orcs (D:6)
  4 bats
  A giant cockroach (D:3)
  4 goblins
  6 hobgoblins
  A ball python (D:5)
  2 frilled lizards
  A giant cockroach zombie (D:6)
  A kobold (D:2)
  A leopard gecko skeleton (D:6)
  2 rats
54 creatures vanquished.

Notes
Turn   | Place    | Note
-------+----------+-------------------------------------------
     0 | D:1      | jacquesderrida the Vine Stalker Skald began the quest for the Orb.
     0 | D:1      | Reached XP level 1. HP: 11/11 MP: 4/4
    22 | D:1      | Reached skill level 2 in Long Blades
    41 | D:2      | Found a sacrificial altar of Ru.
    63 | D:2      | Became a worshipper of Ru the Awakened
    67 | D:2      | Noticed Ijyb
    86 | D:1      | Reached XP level 2. HP: 14/15 MP: 6/6
   470 | D:2      | Reached skill level 3 in Long Blades
   475 | D:2      | Reached XP level 3. HP: 13/18 MP: 5/7
   576 | D:3      | Found a burning altar of Makhleb.
   576 | D:3      | Found a glowing silver altar of Zin.
   577 | D:3      | Noticed an angel
   577 | D:3      | Noticed an Executioner
   586 | D:3      | Noticed Jessica
   589 | D:3      | Killed Jessica
   650 | D:3      | Noticed a scorpion
   678 | D:3      | Killed a scorpion
   678 | D:3      | Reached skill level 4 in Long Blades
   678 | D:3      | Gained mutation: Your natural rate of healing is unusually fast. [Vine Stalker growth]
   678 | D:3      | Reached XP level 4. HP: 21/23 MP: 8/8
   869 | D:4      | Reached XP level 5. HP: 24/26 MP: 9/9
   897 | D:5      | Entered Level 5 of the Dungeon
   975 | D:5      | Reached skill level 5 in Long Blades
   985 | D:5      | Found a snail-covered altar of Cheibriados.
   995 | D:5      | Found a glowing golden altar of the Shining One.
  1005 | D:5      | Found a bloodstained altar of Trog.
  1017 | D:5      | Found an ancient bone altar of Kikubaaqudgha.
  1046 | D:5      | Learned a level 3 spell: Spectral Weapon
  1101 | D:6      | Noticed a centaur
  1118 | D:6      | Killed a centaur
  1118 | D:6      | Reached XP level 6. HP: 9/30 MP: 10/10
  1191 | D:6      | Reached skill level 6 in Long Blades
  1280 | D:6      | Noticed a phantom
  1282 | D:6      | Reached XP level 7. HP: 29/34 MP: 8/11
  1307 | D:6      | Reached skill level 7 in Long Blades
  1377 | D:5      | Gained mutation: You are dopey. (Int -2) [Ru sacrifice]
  1417 | D:6      | Found Atoseqew's Jewellery Shoppe.
  1487 | D:7      | Noticed a hippogriff
  1499 | D:7      | HP: 1/34 [hippogriff (3)]
  1501 | D:7      | Slain by a hippogriff

Vault maps used:
D:1:      scummos_arrival_hexagon
D:2:      lemuel_crystal_altar, first_bread, st_stairs_1, uniq_iyjb
D:3:      grunt_temple_overflow_order_and_chaos_2, uniq_jessica
D:5:      grunt_temple_overflow_cloverleaf, minmay_misc_feat_five
D:6:      regret_index_temple_of_mockery, serial_shops, shop_fountains
D:7:      kennysheep_mini, serial_shops, kennysheep_mini_moat,
          hangedman_abyss_or_decor_stagger, grunt_livestock

Skill      XL: |  1  2  3  4  5  6  7 |
---------------+----------------------+-----
Long Blades    | 2 3 4 5 6 7 |  7.9
Fighting       | |  1.7
Armour         | |  0.7
Dodging        | |  0.7
Spellcasting   | |  2.1
Charms         | |  3.0

Action                   |  1- 3 |  4- 6 |  7- 9 || total
-------------------------+-------+-------+-------++-------
Melee: Falchion          |    93 |     4 |       ||    97
       Bite              |    18 |    22 |    18 ||    58
       Long sword        |       |    75 |    44 ||   119
Invok: Sacrifice Purity  |       |       |     1 ||     1
Evoke: Wand              |       |     6 |     6 ||    12
  Use: Potion            |     5 |       |       ||     5
       Scroll            |       |     9 |       ||     9
 Stab: Sleeping          |       |     4 |       ||     4
  Eat: Chunk             |       |     2 |       ||     2
Armor: Leather armour    |    20 |     2 |       ||    22
       Skin              |    21 |       |       ||    21
       Scale mail        |       |    16 |    22 ||    38
Dodge: Dodged            |    48 |    39 |    28 ||   115
